 Dungeon Crawl Stone Soup version 0.26-a0-52-gd53d4cd058 (webtiles) character file.

Game seed: 9320810809029430012

79 sanka the Insei (level 4, -1/38 HPs)
             Began as a Draconian Monk on June 6, 2020.
             Slain by an adder (5 damage)
             ... on level 3 of the Dungeon.
             The game lasted 00:02:05 (1977 turns).

sanka the Insei (Draconian Monk)                    Turns: 1977, Time: 00:02:06

Health: -1/38      AC:  5    Str: 14    XL:     4   Next: 16%
Magic:  4/4        EV: 13    Int: 10    God:
Gold:   72         SH:  0    Dex: 14    Spells: 3/3 levels left

rFire    . . .     SeeInvis .     - Unarmed
rCold    . . .     Gourm    .   (no shield)
rNeg     . . .     Faith    .   (armour unavailable)
rPois    .         Spirit   .   (helmet restricted)
rElec    .         Reflect  .   b - scarf {+Inv}
rCorr    .         Harm     .   (no gloves)
MR       .....                  (no boots)
Stlth    ++........             (no amulet)
HPRegen  0.12/turn              (no ring)
MPRegen  0.09/turn              (no ring)

@: lethally poisoned (-1 -> -6)
A: unfitting armour, cold-blooded, AC +5
a: Evoke Invisibility


You were on level 3 of the Dungeon.
You were not hungry.

You visited 1 branch of the dungeon, and saw 3 of its levels.

You collected 72 gold pieces.


Innate Abilities, Weirdness & Mutations

Your plain brown scales are hard. (AC +5)
You cannot fit into any form of body armour.
You are cold-blooded and may be slowed by cold attacks.


   Skills:
 - Level 3.2 Fighting
 - Level 2.6 Dodging
 - Level 1.7 Stealth
 + Level 5.0 Unarmed Combat


You had 3 spell levels left.
You didn't know any spells.
Your spell library was empty.

Inventory:

Armour
 b - a scarf of invisibility (worn)
Wands
 g - a wand of acid (5)
Scrolls
 e - 2 scrolls of teleportation {unknown}
 f - a scroll of remove curse {unknown}
 h - 2 scrolls of identify {unknown}
 k - a scroll of enchant weapon {unknown}
Potions
 c - 3 potions of curing {unknown}
 d - a potion of degeneration {unknown}
 i - a potion of lignification {unknown}
 j - a potion of flight {unknown}
Comestibles
 a - 6 rations

Dungeon Overview and Level Annotations

Branches:
Dungeon (3/15)

Altars:
Fedhas
Wu Jian

▒.▒.▒▒.▒▒.▒.▒.......▒.▒ ▒▒▒.▒▒...
▒.▒.......▒.▒▒▒▒.▒▒.▒ ▒▒▒........
▒.▒▒▒▒>........ ...... ...♣.....
▒..÷........▒▒▒▒▒▒▒▒▒▒▒▒▒.♣_♣....
▒▒▒▒▒▒▒.....▒▒...▒...▒ ▒...♣.....
▒....▒▒(.▒..▒..▒▒▒.........
▒....▒_.▒l.▒..▒....▒▒....▒▒
▒....▒▒▒..▒SS▒..▒.▒▒ ▒▒▒▒▒
▒.....▒▒..d▒...▒▒.▒
▒.....▒▒▒▒▒▒▒▒▒▒▒.▒
▒..............(..▒
▒................▒▒.▒
▒...................▒
▒.................▒▒▒
▒......(......[...▒
▒▒▒▒▒▒............▒
▒............▒


You could see 2 adders and a frilled lizard.


Message History

The adder bites you but does no damage.
Unknown command.
* * * LOW HITPOINT WARNING * * *
You feel sick. The adder misses you.
Found 16 bolts.
The adder closely misses you.
* * * LOW HITPOINT WARNING * * *
You feel sick.
* * * LOW HITPOINT WARNING * * *
You feel sick. The adder bites you but does no damage.
* * * LOW HITPOINT WARNING * * *
You feel sick.
Found a blossoming altar of Fedhas.
You closely miss the adder.
The adder is moderately wounded.
The frilled lizard hisses angrily.
The adder bites you.
* * * LOW HITPOINT WARNING * * *
You hit the adder.
Your tail-slap misses the adder.
The adder is moderately wounded.
* * * LOW HITPOINT WARNING * * *
You feel sick. The adder closely misses you.
You hit the adder.
The adder is almost dead.
The adder bites you.
You die...

Action                   |  1- 3 |  4- 6 || total
-------------------------+-------+-------++-------
Melee: Unarmed           |   145 |    18 ||   163
       Tailslap          |    10 |     1 ||    11
       Punch             |     3 |       ||     3
 Stab: Sleeping          |     3 |       ||     3
  Eat: Chunk             |     2 |     1 ||     3
Armor: Skin              |    39 |     5 ||    44
Dodge: Dodged            |   110 |    17 ||   127

Levels and vault maps discovered:
D:1:      scummos_arrival_checkerplants, layout_basic, minmay_indecisive_spiral
D:2:      layout_rooms, lemuel_round_altar, first_ration
D:3:      layout_basic, marbit_many_paths, chequers_ecumenical_altar_simple,
          uniq_ijyb

Notes
Turn   | Place    | Note
-------+----------+-------------------------------------------
     0 | D:1      | sanka the Draconian Monk began the quest for the Orb.
     0 | D:1      | Reached XP level 1. HP: 19/19 MP: 1/1
   138 | D:1      | Reached XP level 2. HP: 16/26 MP: 2/2
   446 | D:1      | Reached skill level 4 in Unarmed Combat
   902 | D:2      | Reached XP level 3. HP: 25/31 MP: 3/3
  1025 | D:2      | Found an ornate altar of the Wu Jian Council.
  1665 | D:3      | Reached XP level 4. HP: 26/38 MP: 4/4
  1671 | D:3      | Reached skill level 5 in Unarmed Combat
  1952 | D:3      | Found a faded altar of an unknown god.
  1974 | D:3      | Found a blossoming altar of Fedhas.
  1977 | D:3      | Slain by an adder

Vanquished Creatures
  3 adders (D:3)
  2 worms (D:2)
  A dart slug (D:1)
  3 leopard geckos (D:1)
  2 ball pythons
  6 bats
  3 giant cockroaches (D:1)
  3 goblins (D:1)
  4 hobgoblins
  2 jackals (D:3)
  4 kobolds
  A quokka (D:2)
  3 frilled lizards
  3 rats (D:1)
40 creatures vanquished.
